 Dungeon Crawl Stone Soup version 0.31.0-32-g396128a36d (webtiles) character file.

Game seed: 6206005627967891165

204 AdnanSaban the Covered (level 5, -1/33 HPs)
             Began as a Gargoyle Fighter on Apr 18, 2024.
             Killed from afar by an orc wizard (7 damage)
             ... with a puff of flame
             ... on level 5 of the Dungeon.
             The game lasted 00:01:50 (2488 turns).

AdnanSaban the Covered (Gargoyle Fighter)           Turns: 2488, Time: 00:01:51

Health: -1/33      AC: 11    Str: 22    XL:     5   Next: 82%
Magic:  5/5        EV:  9    Int:  8    God:
Gold:   164        SH:  4    Dex:  9    Spells: 4/4 levels left

rFire   . . .        a - +0 flail
rCold   . . .        c - +0 buckler
rNeg    + . .        b - +0 scale mail
rPois   ∞            (no helmet)
rElec   +            (no cloak)
rCorr   .            (no gloves)
SInv    .            (no boots)
Will    .....        (no amulet) Stlth
                     (no ring)
HPRegen 0.25/turn    (no ring)
MPRegen 0.09/turn

%: no passive effects
@: no status effects
A: sickness immunity, AC +4, negative energy resistance 1, electricity
resistance, torment resistance 1, petrification resistance
a: no special abilities


You were on level 5 of the Dungeon.
You visited 1 branch of the dungeon, and saw 5 of its levels.

You collected 164 gold pieces.

Inventory:

Hand Weapons
 a - a +0 flail (weapon)
Missiles
 i - 6 boomerangs (quivered)
 m - 3 atropa-tipped darts
 n - 2 poisoned darts
Armour
 b - a +0 scale mail (worn)
 c - a +0 buckler (worn)
Scrolls
 e - 4 scrolls of identify {unknown}
 f - a scroll of revelation {unknown}
 g - a scroll of torment {unknown}
 j - a scroll of blinking {unknown}
 k - a scroll of fear {unknown}
 l - 2 scrolls of poison {unknown}
 o - a scroll of teleportation {unknown}
 r - a scroll of silence {unknown}
 s - a scroll of enchant weapon {unknown}
 v - a scroll of brand weapon {unknown}
Potions
 d - a potion of might
 h - a potion of cancellation {unknown}
 p - 3 potions of resistance {unknown}
 q - 2 potions of haste {unknown}
 t - a potion of brilliance {unknown}


   Skills:
 + Level 4.3 Fighting
 + Level 3.5 Maces & Flails
 + Level 4.5 Armour
 + Level 0.9 Dodging
 + Level 4.0 Shields


You had 4 spell levels left.
You didn't know any spells.
Your spell library contained the following spells:

 Spells                   Type           Power      Damage    Failure   Level
 Slow                     Hex            0%         N/A       80%         1
 Confusing Touch          Hex            0%         N/A       99%         3
 Sigil of Binding         Hex            0%         N/A       99%         3
 Vampiric Draining        Necr           0%         2d6       99%         3
 Olgreb's Toxic Radiance  Alch           0%         N/A       100%        4
 Ozocubu's Refrigeration  Ice            0%         4d7       100%        7
 Discord                  Hex            0%         N/A       100%        8


Dungeon Overview and Level Annotations

Branches:
Dungeon (5/15)
 Temple: D:4-7

Altars:

Shops:
D:1 !   D:5 *


Innate Abilities, Weirdness & Mutations

You are immune to sickness and miasma.
Your stone body is resilient. (AC +4)
You are immune to poison.
You resist negative energy. (rN+)
You are resistant to electric shocks. (rElec)
You are resistant to unholy torment.
You are immune to petrification.


Message History

You barely miss the orc wizard.
The orc priest begins to cast a cantrip, but forgets the words!
The orc wizard hits you but does no damage.
The orc wizard attacks as it pursues you!
The orc wizard barely misses you.
The orc wizard attacks as it pursues you!
The orc wizard hits you but does no damage.
There is a stone staircase leading down here.
The orc wizard hits you but does no damage.
You climb downwards.
Found a rapier and a scroll labelled JUZISS RIECE.
Found Jotzeh's General Store.
There is a stone staircase leading up here.
You barely miss the orc wizard.
The orc wizard hits you but does no damage.
You hit the orc wizard but do no damage.
You block the orc wizard's attack.
You closely miss the orc wizard. The orc wizard barely misses you.
The orc wizard mumbles some strange words.
The orc wizard flickers and vanishes!
Deactivating autopickup; reactivate with Ctrl-A.
You hear a shout!
You closely miss something.
You hear some strange, mumbled words.
A magic dart appears from out of thin air!
The magic dart hits you.
You miss something. Something hits you but does no damage.
You barely miss something. Something hits you but does no damage.
An ogre comes into view. It is wielding a +0 giant spiked club.
Something hits you but does no damage.
You hit something.
You hear some strange, mumbled words.
A magic dart appears from out of thin air!
The magic dart hits you.
* * * LOW HITPOINT WARNING * * *
You barely miss something. Something hits you but does no damage.
You hear some strange, mumbled words.
A puff of flame appears from out of thin air!
The puff of flame hits you!
You die...

... ... .. # ..
#. .# ##.# .#
####...###.#.#
.)....O{.@∩..#
####...###.?.....
##.# ##.#.## #. #
#


You could see an ogre.

Vanquished Creatures
  A scorpion (D:4)
  A jelly (D:3)
  A gnoll (D:2)
  6 adders
  A ribbon worm (D:2)
  2 ball pythons
  3 endoplasms
  2 giant cockroaches
  5 goblins
  7 hobgoblins
  5 jackals
  2 kobolds (D:2)
  8 bats
  2 frilled lizards
  4 rats
50 creatures vanquished.

Notes
Turn   | Place    | Note
-------+----------+-------------------------------------------
     0 | D:1      | AdnanSaban the Gargoyle Fighter began the quest for the
                  | Orb.
     0 | D:1      | Reached XP level 1. HP: 14/14 MP: 1/1
   503 | D:1      | Reached XP level 2. HP: 19/19 MP: 2/2
   503 | D:1      | Found Qenar's Distillery.
   777 | D:2      | Reached XP level 3. HP: 23/23 MP: 3/3
   971 | D:2      | Reached XP level 4. HP: 29/29 MP: 4/4
  1650 | D:3      | Reached XP level 5. HP: 33/33 MP: 5/5
  2478 | D:5      | Entered Level 5 of the Dungeon
  2478 | D:5      | Found Jotzeh's General Store.
  2484 | D:5      | Noticed an ogre
  2488 | D:5      | Killed from afar by an orc wizard

Illustrated notes

Levels and vault maps discovered:
D:1:      sevenhm_arrival_forest_fort_large_2, layout_basic, serial_shops,
          nicolae_shop_industrial_runoff
D:2:      minmay_recursive_quarters, layout_rooms
D:3:      layout_loops_corners
D:4:      layout_cave_pods, uniq_grinder
D:5:      layout_loops_ring, minmay_temple_entry_wispy, serial_shops, shop

Skill      XL: |  1  2  3  4  5 |
---------------+----------------+-----
Armour         | 4 |  4.5
Fighting       | 4 |  4.3
Maces & Flails | 3 |  3.5
Shields        | 4 |  4.0
Dodging        | |  0.9

Action                     |  1- 3 |  4- 6 || total
---------------------------+-------+-------++-------
  Melee: Flail             |   111 |   127 ||   238
 Armour: Scale mail        |    90 |   108 ||   198
  Dodge: Dodged            |    69 |    70 ||   139
  Block: Buckler           |    27 |    29 ||    56
